 Dungeon Crawl Stone Soup version 0.29.1-2-gbd0b4ee654 (webtiles) character file.

Game seed: 11600468949465442087

265678 Icepheonix32 the Executioner (level 19, -14/286 HPs)
             Began as a Minotaur Fighter on Nov 3, 2022.
             Was the Champion of Okawaru.
             Demolished by a death scarab (16 damage)
             ... summoned by a royal mummy
             ... in a wizard's laboratory.
             The game lasted 01:54:37 (48554 turns).

Icepheonix32 the Executioner (Minotaur Fighter)    Turns: 48554, Time: 01:54:37

Health: -14/286    AC: 38    Str: 21    XL:     19   Next: 30%
Magic:  0/29       EV: 22    Int:  9    God:    Okawaru [******]
Gold:   3133       SH:  4    Dex: 16    Spells: 18/18 levels left

rFire   . . .      SeeInvis .   L - +6 battleaxe of Ugukauppio {holy, +Blink rN+ Dex+4 Stlth-}
rCold   + . .      Faith    +   (shield currently unavailable)
rNeg    + . .      Spirit   .   D - +7 Kryia's mail coat {PotionHeal*2 rC+}
rPois   .          Reflect  .   c - +2 hat
rElec   .          Harm     .   m - +2 cloak
rCorr   .          Rampage  .   N - +2 pair of gloves {infuse}
Will    +....      Clarity  +   u - +2 pair of boots
Stlth   ..........              K - amulet of faith
HPRegen 0.57/turn               p - +4 ring of protection
MPRegen 0.21/turn               O - +4 ring of slaying

@: berserking (expiring), heroic, flayed, slowed
A: horns 2, retaliatory headbutt, iridescent scales 1, large bone plates 1,
clarity, clumsy 1, deterioration 1, shaggy fur 1
}: 2/15 runes: decaying, gossamer
a: Renounce Religion, Evoke Blink, Heroism, Finesse, Duel


You were in a wizard's laboratory.
You worshipped Okawaru.
Okawaru was exalted by your worship.
You visited 7 branches of the dungeon, and saw 37 of its levels.
You also visited: Bailey, Ice Cave and Wizlab.

You collected 3991 gold pieces.
You spent 858 gold pieces at shops.

Inventory:

Hand Weapons
 d - a +9 longbow
 j - the +9 war axe "Beemauxt" {drain, rPois rF+ rCorr Str+3}
   (Okawaru gifted it to you on level 2 of the Lair of Beasts)

   A truly terrible weapon, it drains the life of any living foe it strikes.
   Str:       It affects your strength (+3).
   rF:        It protects you from fire.
   rPois:     It protects you from poison.
   rCorr:     It protects you from acid and corrosion.
 I - a +6 war axe of flaming
 L - the +6 battleaxe of Ugukauppio (weapon) {holy, +Blink rN+ Dex+4 Stlth-}
   (Okawaru gifted it to you on level 1 of the Lair of Beasts)

   It has been blessed by the Shining One to cause great damage to the undead
   and demons.
   Dex:       It affects your dexterity (+4).
   rN:        It protects you from negative energy.
   +Blink:    It lets you blink.
   Stlth:     It makes you less stealthy.
 T - the +7 battleaxe of Viny False Accusations {drain, Str+2 Int+3 Dex-5 SInv}
   (You found it in a bailey)

   A truly terrible weapon, it drains the life of any living foe it strikes.
   Str:       It affects your strength (+2).
   Int:       It affects your intelligence (+3).
   Dex:       It affects your dexterity (-5).
   SInv:      It lets you see invisible.
 U - a +9 spectral battleaxe
Missiles
 b - 4 throwing nets (quivered)
 e - 6 datura-tipped darts
 w - 8 javelins
 F - 7 curare-tipped darts
 X - 8 silver javelins
Armour
 c - a +2 hat (worn)
 m - a +2 cloak (worn)
 u - a +2 pair of boots (worn)
 D - the +7 Kryia's mail coat (worn) {PotionHeal*2 rC+}
   (You found it on level 5 of the Dungeon)

   Potions are twice as effective at healing its wearer.
   rC:        It protects you from cold.
 N - a +2 pair of gloves of infusion (worn)
 Q - the +9 plate armour of Mueriovu {rF++ Str-2 Int+4}
   (Okawaru gifted it to you on level 8 of the Dungeon)

   Str:       It affects your strength (-2).
   Int:       It affects your intelligence (+4).
   rF:        It greatly protects you from fire.
Jewellery
 f - a ring of protection from fire
 g - a +4 ring of slaying
 p - a +4 ring of protection (left hand)
 B - a ring of flight
 G - a +6 ring of dexterity
 K - an amulet of faith (around neck)
 M - the ring of Icsoy {rPois Int+6 Stlth+}
   (You found it on level 8 of the Dungeon)

   [ring of intelligence]

   Int:       It affects your intelligence (+6).
   rPois:     It protects you from poison.
   Stlth:     It makes you more stealthy.
 O - a +4 ring of slaying (right hand)
Wands
 a - a wand of digging (21)
 l - a wand of iceblast (42)
 q - a wand of acid (39)
 y - a wand of mindburst (11)
 C - a wand of flame (30)
Scrolls
 n - 6 scrolls of poison
 o - 11 scrolls of teleportation
 t - 5 scrolls of fog
 E - a scroll of fear
 R - 2 scrolls of immolation
 S - a scroll of blinking
 V - 7 scrolls of magic mapping
 Y - 2 scrolls of silence
Potions
 h - 10 potions of invisibility
 i - 8 potions of curing
 k - 2 potions of resistance
 r - 4 potions of ambrosia
 s - 3 potions of magic
 v - 5 potions of brilliance
 x - 7 potions of haste
 z - 2 potions of flight
 A - 6 potions of cancellation
 H - 4 potions of lignification
 P - 6 potions of might
 Z - a potion of berserk rage
Miscellaneous
 J - a tin of tremorstones (2/2)
 W - a condenser vane


   Skills:
 + Level 21.7(26.7) Fighting
 + Level 1.0(6.0) Long Blades
 + Level 22.2(27) Axes
 + Level 3.1(8.1) Ranged Weapons
 + Level 3.0(8.0) Throwing
 + Level 13.7(18.7) Armour
 * Level 17.2(22.2) Dodging
 - Level 6.2(11.2) Stealth
 + Level 6.7(11.7) Shields
 * Level 15.2 Invocations
 + Level 4.3 Evocations


You had 18 spell levels left.
You didn't know any spells.
Your spell library contained the following spells:

 Spells                   Type           Power      Damage    Failure   Level
 Foxfire                  Conj/Fire      0%         2x1d4     58%         1
 Freeze                   Ice            0%         1d3       58%         1
 Magic Dart               Conj           0%         1d3       58%         1
 Necrotise                Necr           0%         1d4       58%         1
 Ensorcelled Hibernation  Hex/Ice        0%         N/A       75%         2
 Searing Ray              Conj           0%         2d4       75%         2
 Static Discharge         Conj/Air       0%         3-3/arc   75%         2
 Conjure Flame            Conj/Fire      0%         6-21      92%         3
 Dazzling Flash           Conj/Hex       0%         N/A       92%         3
 Frozen Ramparts          Ice            0%         1d1       92%         3
 Gell's Gravitas          Tloc           0%         N/A       92%         3
 Ignite Poison            Fire/Tmut/Pois 0%         N/A       92%         3
 Inner Flame              Hex/Fire       0%         N/A       92%         3
 Mephitic Cloud           Conj/Pois/Air  0%         N/A       92%         3
 Ozocubu's Armour         Ice            0%         N/A       92%         3
 Spider Form              Tmut/Pois      0%         N/A       92%         3
 Teleport Other           Tloc           0%         N/A       92%         3
 Vampiric Draining        Necr           0%         2d6       92%         3
 Anguish                  Hex/Necr       0%         N/A       100%        4
 Cause Fear               Hex            0%         N/A       100%        4
 Flame Wave               Conj/Fire      0%         2d4       100%        4
 Fulminant Prism          Conj/Hex       0%         3d6       100%        4
 Hailstorm                Conj/Ice       0%         3d3       100%        4
 Ice Form                 Ice/Tmut       0%         N/A       100%        4
 Leda's Liquefaction      Hex/Erth       0%         N/A       100%        4
 Passage of Golubria      Tloc           0%         N/A       100%        4
 Agony                    Necr           0%         N/A       100%        5
 Borgnjor's Vile Clutch   Necr/Erth      0%         N/A       100%        5
 Freezing Cloud           Conj/Ice/Air   0%         6-21      100%        5
 Lee's Rapid Deconstruct  Erth           0%         3d5*      100%        5
 Lightning Bolt           Conj/Air       0%         1d11      100%        5
 Metabolic Englaciation   Hex/Ice        0%         N/A       100%        5
 Silence                  Hex/Air        0%         N/A       100%        5
 Yara's Violent Unravell  Hex/Tmut       0%         3d3       100%        5
 Dispersal                Tloc           0%         N/A       100%        6
 Statue Form              Tmut/Erth      0%         N/A       100%        6
 Dragon Form              Tmut           0%         N/A       100%        7
 Orb of Destruction       Conj           0%         9d5       100%        7
 Maxwell's Capacitive Co  Air            0%         ∞         100%        8
 Summon Guardian Golem    Hex/Summ       Unusable   N/A       N/A         3
 Tukima's Dance           Hex            Unusable   N/A       N/A         3
 Summon Ice Beast         Ice/Summ       Unusable   N/A       N/A         4
 Death Channel            Necr           Unusable   N/A       N/A         6
 Simulacrum               Ice/Necr       Unusable   N/A       N/A         6
 Spellforged Servitor     Conj/Summ      Unusable   N/A       N/A         7
 Infestation              Necr           Unusable   N/A       N/A         8
 Dragon's Call            Summ           Unusable   N/A       N/A         9

Dungeon Overview and Level Annotations

Branches:
Dungeon (15/15)            Temple (0/1) D:5            Lair (5/5) D:8
  Swamp (4/4) Lair:2       Spider (4/4) Lair:2        Slime (5/5) Lair:5
    Orc (2/2) D:12            Elf (0/3) Orc:2        Vaults (2/5) D:14
 Depths (0/4) D:15         Bailey (visited)           IceCv (visited)
 WizLab (1/1)
  Crypt: Vaults:2-3

Altars:
Ashenzari
Gozag
Makhleb
Nemelex Xobeh
Okawaru
Qazlal
Ru
Sif Muna
Trog
Uskayaw
Vehumet
Wu Jian
Xom
Yredelemnul
The Shining One
Jiyva
Lugonu

Shops:
D:5 :   D:6 =   Orc:1 (   Orc:2 [:[?

Portals:
Abyss: Lair:5

Annotations:
Swamp:1 2 transporters, Ychaviel's ghost, journeyman GnDe
Slime:5 Royal Jelly


Innate Abilities, Weirdness & Mutations

You have a pair of horns on your head.
You reflexively headbutt those who attack you in melee.
You are partially covered in iridescent scales. (AC +2)
You are partially covered in large bone plates. (SH +4)
You possess an exceptional clarity of mind.
You are clumsy. (Dex -2)
Your body sometimes deteriorates upon taking damage.
You are covered in fur. (AC +1)


Message History

The death scarab bites you but does no damage.
The mummy priest hits you.
* * * LOW HITPOINT WARNING * * *
Unknown command.
You slash the juggernaut zombie!
The juggernaut zombie convulses!
You headbutt the juggernaut zombie!
The juggernaut zombie is almost destroyed.
You slice the mummy priest!!
The mummy priest convulses!
You slice the death scarab!!
The death scarab convulses!
You destroy the death scarab!
The death scarab's corpse disappears in a puff of smoke!
You hit something.
Reactivating autopickup.
You slash the fire giant simulacrum!
The fire giant simulacrum convulses.
The sixfirhy misses you. You furiously retaliate!
You headbutt the sixfirhy! The sixfirhy closely misses you.
The royal mummy mumbles some strange words.
The flayed ghost stares at you with tortured malice.
Terrible wounds spread across more of your body!
* * * LOW HITPOINT WARNING * * *
Unknown command.
Unknown command.
You slash the juggernaut zombie!
You destroy the juggernaut zombie!
Okawaru accepts your kill.
You chop the fire giant simulacrum into pieces!!!
The fire giant simulacrum vaporises!
You slice the mummy priest!!
You destroy the mummy priest!
Okawaru accepts your kill.
You slice the spectral demonspawn corrupter!!
The spectral demonspawn corrupter convulses!!
You slice the sixfirhy!!
The sixfirhy convulses!
You kill the sixfirhy!
The sixfirhy disappears in a puff of smoke!
You feel extremely nervous for a moment...
Pain shoots through your body!
* * * LOW HITPOINT WARNING * * *
The death scarab misses you. The death scarab bites you!
You die...

.........# .........#
###.######################
.........................#
.........................#
..###....................#
..#.#......!...§§?.......#
..##........B..Z.........#
............BM.B@........#
...........BM..○B........#
.......##...W.M..........#
.......# ..B.n...........#
.......##................#
..###....................#
..# #....................#
..###..............?.....#
.......###..###...###....#


You could see a royal mummy, 2 mummy priests, a flayed ghost (summoned), a
spectral demonspawn corrupter (summoned), 6 death scarabs and a necrophage
(summoned).

Vanquished Creatures
  the Lernaean hydra (Swamp:4)
  Bai Suzhen (Swamp:3)
  11 acid blobs
  A thorn hunter (Swamp:4)
  Gastronok (Lair:1)
  Roxanne (D:14)
  3 azure jellies
  A fenstrider witch (Swamp:3)
  4 rockslimes
  A vault warden (Vaults:1)
  6 emperor scorpions
  The ghost of Jingleheimer the Severer, a journeyman DsFi of Makhleb (Swamp:2)
  7 ghost moths
  Aizul (Swamp:2)
  A caustic shrike zombie (WizLab)
  A juggernaut zombie (WizLab)
  2 war gargoyles (Vaults:1)
  3 ironbound preservers (Vaults:1)
  3 broodmothers
  The ghost of Guuquyx the Grappler, a journeyman TrMo of Wu Jian (Lair:4)
  8 quicksilver oozes
  2 eleionomae
  5 entropy weavers
  5 bunyips
  3 spark wasps (Spider:4)
  2 mummy priests (WizLab)
  2 yaktaur captains (Vaults:1)
  2 fire dragons (D:15)
  3 great orbs of eyes
  5 vault guards (D:14)
  Josephine (D:14)
  20 hydras
  2 shambling mangroves
  7 boulder beetles
  A jorogumo (Spider:2)
  3 radroaches
  A peacekeeper (Vaults:1)
  3 ghost crabs
  An ironbound frostheart (Vaults:1)
  2 catoblepae (Lair:5)
  14 centaur warriors
  A two-headed ogre (D:12)
  6 alligators
  2 tengu warriors
  A dancing weapon (Swamp:2)
  6 orc high priests (Orc:2)
  2 thrashing horrors (Lair:5)
  5 death yaks
  Urug (D:11)
  Sonja (Lair:2)
  A deep elf knight (D:14)
  Amaemon (D:8)
  4 skeletal warriors (D:15)
  2 goliath frogs
  6 pharaoh ants
  Lodul (D:14)
  A glowing orange brain (Slime:4)
  9 orb spiders
  11 deep trolls (Vaults:1)
  3 steelbarb worms
  4 spriggan druids
  10 swamp dragons
  6 bog bodies
  6 orc knights
  4 ironbound convokers (Vaults:1)
  A necromancer (IceCv)
  A deep elf pyromancer (D:12)
  15 wolf spiders
  19 ugly things
  A frost giant zombie (WizLab)
  An oklob plant (Spider:2)
  4 orc sorcerers
  3 shining eyes
  5 will-o-the-wisps
  A manticore (D:13)
  4 moths of wrath
  17 elephants
  A cyclops (D:13)
  2 vault sentinels (Vaults:1)
  2 black mambas (Lair:5)
  Joseph (Lair:1)
  2 ice statues (IceCv)
  3 torpor snails
  3 gargoyles
  An orange demon (D:8)
  9 cane toads
  2 smoke demons (Lair:5)
  5 rime drakes
  An unseen horror (D:11)
  13 komodo dragons
  4 demonic crawlers (Spider:4)
  6 ice devils
  7 yaktaurs
  2 efreet
  An ancient zyme (Lair:5)
  14 trolls
  3 tengu conjurers
  A meliai (Spider:4)
  A wind drake (shapeshifter) (D:13)
  4 bloated husks
  20 tarantellas
  12 hornets
  5 tyrant leeches
  2 polar bears
  97 slime creatures
  30 blink frogs
  7 dream sheep (Lair:3)
  An ettin zombie (WizLab)
  18 jumping spiders
  12 spriggans
  17 culicivoras
  A jumping spider (shapeshifter) (Lair:5)
  A shadow (D:11)
  Sigmund (D:6)
  A dire elephant simulacrum (IceCv)
  7 wyverns
  3 vampires
  Grum (Bailey)
  3 ynoxinuls (Lair:5)
  6 wraiths
  33 yaks
  15 golden eyes
  3 basilisks
  2 chaos spawn (Lair:5)
  A human (D:14)
  42 redbacks
  16 vampire mosquitoes
  2 death yak simulacra (IceCv)
  2 large abominations (Lair:5)
  A steam dragon (D:8)
  22 swamp worms
  A warg (Orc:2)
  9 acid dragons
  3 harpy simulacra (IceCv)
  6 hydra simulacra (IceCv)
  13 water moccasins
  An ice beast (D:7)
  7 swamp drakes (Swamp:4)
  27 orc warriors
  2 sky beasts (D:6)
  2 black bears
  4 boggarts (Vaults:1)
  18 ogres
  20 wolves
  9 centaurs
  A phantom (D:4)
  11 small abominations (Lair:5)
  4 kobold brigands
  17 bullfrogs
  A two-headed ogre simulacrum (IceCv)
  8 gnoll sergeants
  A necrophage (D:5)
  3 earth elementals (Swamp:1)
  11 scorpions
  8 wights
  4 killer bees
  2 howler monkeys
  An electric eel (Lair:3)
  26 orc priests
  14 gnoll boudas
  3 hounds
  2 iguanas
  9 orc wizards
  A spriggan simulacrum (IceCv)
  A troll simulacrum (IceCv)
  A polar bear simulacrum (IceCv)
  A wolf simulacrum (IceCv)
  2 adders
  39 gnolls
  A shadow imp (D:6)
  2 ufetubi
  4 worms
  A dart slug (D:4)
  60 orcs
  3 bats
  10 endoplasms
  14 giant cockroaches
  10 goblins
  10 hobgoblins
  8 jackals
  2 quokkas
  6 ball pythons
  13 kobolds
  6 rats
  5 briar patches (Swamp:4)
  3 bushes
  2 butterflies
1234 creatures vanquished.

Vanquished Creatures (others)
  A bloated husk (Swamp:3)
  A hornet (Swamp:3)
  A tarantella (Spider:4)
  A swamp worm (Swamp:4)
  2 swamp drakes (Swamp:4)
  14 foxfires
  32 fungi
  74 plants
  3 toadstools (D:10)
129 creatures vanquished.

Grand Total: 1363 creatures vanquished

Notes
Turn   | Place    | Note
-------+----------+-------------------------------------------
     0 | D:1      | Icepheonix32 the Minotaur Fighter began the quest for the
                  | Orb.
     0 | D:1      | Reached XP level 1. HP: 19/19 MP: 0/0
   256 | D:1      | Reached XP level 2. HP: 27/27 MP: 1/1
   296 | D:1      | You fall into a shaft and drop 1 floor!
   465 | D:2      | Reached skill level 3 in Axes
   670 | D:2      | Reached XP level 3. HP: 33/33 MP: 2/2
  1610 | D:3      | Found a faded altar of an unknown god.
  1801 | D:3      | Found an opulent altar of Gozag.
  1929 | D:3      | Found a burning altar of Makhleb.
  2038 | D:3      | Reached XP level 4. HP: 39/41 MP: 3/3
  2096 | D:3      | Found a hide-covered altar of Uskayaw.
  2100 | D:3      | Found an iron altar of Okawaru.
  2109 | D:3      | Became a worshipper of Warmaster Okawaru
  2135 | D:3      | Found a stormy altar of Qazlal.
  2442 | D:4      | Noticed an ogre
  2448 | D:4      | Killed an ogre
  2449 | D:4      | Reached skill level 4 in Axes
  2449 | D:4      | Reached skill level 1 in Invocations
  2449 | D:4      | Reached XP level 5. HP: 18/47 MP: 4/4
  2878 | D:4      | Reached * piety under Okawaru
  2920 | D:4      | Reached skill level 5 in Fighting
  2920 | D:4      | Reached XP level 6. HP: 56/56 MP: 6/6
  3063 | D:4      | Reached skill level 5 in Axes
  3063 | D:4      | Reached skill level 1 in Dodging
  3723 | D:5      | Entered Level 5 of the Dungeon
  3752 | D:5      | Reached skill level 5 in Armour
  3771 | D:5      | Reached XP level 7. HP: 62/62 MP: 7/7
  3796 | D:5      | Found the +7 Kryia's mail coat {PotionHeal*2 rC+}
  3832 | D:5      | Found Mela Wob's Book Shop.
  4051 | D:5      | Reached skill level 1 in Long Blades
  4455 | D:5      | Found a staircase to the Ecumenical Temple.
  4477 | D:5      | Found a shimmering altar of Xom.
  4543 | D:6      | Reached ** piety under Okawaru
  4712 | D:6      | Found Acvojua's Jewellery Shop.
  4731 | D:6      | Reached XP level 8. HP: 71/71 MP: 9/9
  4758 | D:6      | Reached skill level 6 in Axes
  4790 | D:6      | Noticed Sigmund
  4799 | D:6      | Killed Sigmund
  4947 | D:6      | Reached skill level 5 in Shields
  5057 | D:6      | Found a glowing golden altar of the Shining One.
  5262 | D:7      | Reached skill level 7 in Axes
  5353 | D:7      | Reached *** piety under Okawaru
  5701 | D:7      | Found a bloodstained altar of Trog.
  5704 | D:7      | Found a basalt altar of Yredelemnul.
  5769 | D:7      | Reached XP level 9. HP: 77/81 MP: 11/11
  6264 | D:8      | Reached skill level 8 in Axes
  6344 | D:8      | Reached skill level 1 in Stealth
  6345 | D:8      | Reached **** piety under Okawaru
  6346 | D:8      | Reached skill level 5 in Invocations
  6348 | D:8      | Reached skill level 9 in Axes
  6355 | D:8      | Found a radiant altar of Vehumet.
  6576 | D:8      | Noticed a centaur warrior
  6580 | D:8      | Noticed a four-headed hydra
  6589 | D:8      | Killed a one-headed hydra
  6589 | D:8      | Reached ***** piety under Okawaru
  6590 | D:8      | Reached skill level 10 in Axes
  6590 | D:8      | Reached XP level 10. HP: 63/93 MP: 13/13
  6590 | D:8      | Killed a centaur warrior
  6590 | D:8      | Received a gift from Okawaru
  6591 | D:8      | Reached skill level 10 in Fighting
  6718 | D:8      | Identified the ring of Icsoy {rPois Int+6 Stlth+}
  6722 | D:8      | Got the Atlas of Singed Iniquitous Liturgies
  6728 | D:8      | Identified the +1 pair of gloves of Action {rCorr Str-2
                  | Int+2}
  6953 | D:8      | Found a sacrificial altar of Ru.
  6962 | D:8      | Reached skill level 11 in Axes
  7110 | D:8      | Identified the +9 plate armour of Mueriovu {rF++ Str-2
                  | Int+4} (Okawaru gifted it to you on level 8 of the Dungeon)
  7110 | D:8      | Received a gift from Okawaru
  7138 | D:8      | Noticed Amaemon
  7139 | D:8      | Found an ornate altar of the Wu Jian Council.
  7139 | D:8      | Noticed an orange demon
  7148 | D:8      | Killed Amaemon
  7154 | D:8      | Killed an orange demon
  7250 | D:8      | Found a staircase to the Lair.
  7712 | D:9      | Found a runed translucent door.
  7714 | D:9      | Found a runed translucent door.
  7724 | D:9      | Found a shimmering blue altar of Sif Muna.
  7798 | D:9      | Reached XP level 11. HP: 69/102 MP: 12/15
  7942 | D:9      | Identified the +5 trident "Saym" {flame, rElec rPois Dex-3}
  8251 | D:10     | Entered Level 10 of the Dungeon
  8295 | D:10     | Found a flagged portal.
  8317 | Bailey   | Entered a bailey
  8607 | Bailey   | Noticed Grum
  8645 | Bailey   | Killed Grum
  8998 | Bailey   | Got Sihadiog's Opusculum on the Coarse Dead
  9001 | Bailey   | Identified the +7 battleaxe of Viny False Accusations
                  | {drain, Str+2 Int+3 Dex-5 SInv}
  9423 | D:10     | Found a broken altar of Ashenzari.
  9427 | D:10     | Saw a vision of the Swamp and the Spider Nest.
  9427 | D:10     | Noticed a jorogumo
  9427 | D:10     | Noticed a bunyip
  9427 | D:10     | Noticed an orb spider
  9427 | D:10     | Noticed a five-headed hydra
  9427 | D:10     | Noticed a wolf spider
  9427 | D:10     | Noticed an entropy weaver
  9427 | D:10     | Noticed a pharaoh ant
  9427 | D:10     | Noticed a pharaoh ant
  9429 | D:10     | Noticed a ghost crab
  9430 | D:10     | Noticed a ghost crab
  9430 | D:10     | Noticed a spriggan rider
  9430 | D:10     | Noticed a sun moth
  9431 | D:10     | Noticed an orb spider
  9432 | D:10     | Noticed a bog body
  9494 | D:10     | Found a sparkling altar of Nemelex Xobeh.
  9812 | D:11     | Reached skill level 5 in Dodging
 10005 | D:11     | Noticed a boulder beetle
 10060 | D:11     | Killed a boulder beetle
 10061 | D:11     | Reached skill level 12 in Axes
 10289 | D:11     | Noticed Urug
 10296 | D:11     | Killed Urug
 10296 | D:11     | Received a gift from Okawaru
 11019 | D:11     | Reached XP level 12. HP: 112/113 MP: 17/17
 11523 | D:12     | Reached skill level 13 in Axes
 11576 | D:12     | Reached ****** piety under Okawaru
 11785 | D:12     | Noticed a seven-headed hydra
 11791 | D:12     | Killed a four-headed hydra
 11791 | D:12     | Received a gift from Okawaru
 11920 | D:12     | Noticed a two-headed ogre
 11927 | D:12     | Killed a two-headed ogre
 11927 | D:12     | Received a gift from Okawaru
 12058 | D:12     | Noticed a centaur warrior
 12067 | D:12     | Found a staircase to the Orcish Mines.
 12072 | D:12     | Killed a centaur warrior
 12224 | D:13     | Found a frozen archway.
 12244 | IceCv    | Entered an ice cave
 12736 | IceCv    | Reached skill level 14 in Axes
 13709 | D:13     | Noticed a four-headed hydra
 13719 | D:13     | Received a gift from Okawaru
 13724 | D:13     | Killed a one-headed hydra
 13725 | D:13     | Reached XP level 13. HP: 114/125 MP: 19/19
 14708 | D:13     | Reached skill level 15 in Axes
 14787 | D:13     | Received a gift from Okawaru
 14931 | D:13     | Reached skill level 10 in Armour
 15344 | D:14     | Reached skill level 10 in Invocations
 15372 | D:14     | Reached skill level 15 in Fighting
 15579 | D:14     | Found an ornate altar of the Wu Jian Council.
 15881 | D:14     | Noticed Josephine
 15898 | D:14     | Killed Josephine
 16141 | D:14     | Noticed Roxanne
 16157 | D:14     | Identified the +3 buckler of the Garden {Rampage rPois}
                  | (Okawaru gifted it to you on level 14 of the Dungeon)
 16157 | D:14     | Received a gift from Okawaru
 16622 | D:14     | Noticed Lodul
 16637 | D:14     | Killed Lodul
 16930 | D:14     | Paralysed by an orc sorcerer for 4 turns
 16939 | D:14     | Reached skill level 16 in Axes
 17187 | D:14     | Found a gate to the Vaults.
 17517 | D:14     | Killed Roxanne
 17532 | D:15     | Entered Level 15 of the Dungeon
 17567 | D:15     | Reached skill level 1 in Evocations
 17567 | D:15     | Reached XP level 14. HP: 102/136 MP: 21/21
 17716 | D:15     | Reached skill level 1 in Throwing
 17879 | D:15     | Identified the +3 crystal plate armour "Tiskiesch" {+Blink
                  | Dex+5} (Okawaru gifted it to you on level 15 of the
                  | Dungeon)
 17879 | D:15     | Received a gift from Okawaru
 18235 | D:15     | Found a staircase to the Depths.
 19812 | Lair:1   | Entered Level 1 of the Lair of Beasts
 19898 | Lair:1   | Identified the +0 hat "Modgh" {Drain rC+ Stlth+}
 20031 | Lair:1   | Noticed Gastronok
 20043 | Lair:1   | Killed Gastronok
 20205 | Lair:1   | Received a gift from Okawaru
 20303 | Lair:1   | Identified the +6 battleaxe of Ugukauppio {holy, +Blink rN+
                  | Dex+4 Stlth-} (Okawaru gifted it to you on level 1 of the
                  | Lair of Beasts)
 20303 | Lair:1   | Received a gift from Okawaru
 20304 | Lair:1   | Reached skill level 17 in Axes
 20535 | Lair:1   | Found a burning altar of Makhleb.
 20626 | Lair:1   | Noticed Joseph
 20646 | Lair:1   | Killed Joseph
 21294 | Lair:2   | Identified the +9 war axe "Beemauxt" {drain, rPois rF+
                  | rCorr Str+3} (Okawaru gifted it to you on level 2 of the
                  | Lair of Beasts)
 21294 | Lair:2   | Received a gift from Okawaru
 21477 | Lair:2   | Identified a scroll of acquirement
 21479 | Lair:2   | Acquired a manual of Dodging
 21567 | Lair:2   | Noticed Sonja
 21656 | Lair:2   | Killed Sonja
 21900 | Lair:2   | Found a hole to the Spider Nest.
 22262 | Lair:2   | Found a staircase to the Swamp.
 22514 | Lair:2   | Identified the +6 battleaxe of Relativism {vorpal, rC+
                  | Will+} (Okawaru gifted it to you on level 2 of the Lair of
                  | Beasts)
 22514 | Lair:2   | Received a gift from Okawaru
 22631 | Lair:2   | Reached XP level 15. HP: 132/147 MP: 22/22
 22846 | Lair:2   | Identified the +1 ring mail "Zuarokil" {Stlth+}
 24196 | Lair:4   | Reached skill level 18 in Axes
 24280 | Lair:4   | Found a transporter.
 24286 | Lair:4   | Found a transporter.
 24286 | Lair:4   | Noticed Guuquyx's ghost (journeyman TrMo)
 24521 | Lair:4   | Killed Guuquyx's ghost
 24521 | Lair:4   | Received a gift from Okawaru
 24539 | Lair:4   | Identified the +4 chain mail of Xom, Wizarding {rN+}
 25173 | Lair:5   | Entered Level 5 of the Lair of Beasts
 25415 | Lair:5   | Found a staircase to the Slime Pits.
 25819 | Lair:5   | Received a gift from Okawaru
 25982 | Lair:5   | Found a corrupted altar of Lugonu.
 25982 | Lair:5   | Found a one-way gate to the infinite horrors of the Abyss.
 26610 | Lair:5   | Received a gift from Okawaru
 27277 | Orc:1    | Entered Level 1 of the Orcish Mines
 27381 | Orc:1    | Found Roisineb's Antique Weapon Shop.
 27615 | Orc:2    | Entered Level 2 of the Orcish Mines
 27843 | Orc:2    | Found a staircase to the Elven Halls.
 27853 | Orc:2    | Reached skill level 10 in Dodging
 28028 | Orc:2    | Reached skill level 19 in Axes
 28389 | Orc:2    | Received a gift from Okawaru
 28416 | Orc:2    | HP: 3/150 [orc high priest/divine providence (14)]
 29116 | Orc:2    | Found Syle's Antique Armour Shop.
 29116 | Orc:2    | Found Pettexur's Book Shop.
 29117 | Orc:2    | Found Odoin's Antique Armour Boutique.
 29117 | Orc:2    | Found Ekofirr's Magic Scroll Shop.
 29972 | D:6      | Bought a +4 ring of slaying for 858 gold pieces
 30138 | Spider:1 | Entered Level 1 of the Spider Nest
 30154 | Spider:1 | Reached XP level 16. HP: 124/159 MP: 24/24
 30408 | Spider:1 | Reached skill level 1 in Ranged Weapons
 30926 | Spider:1 | Received a gift from Okawaru
 33026 | Spider:2 | Noticed an acid blob
 33241 | Spider:2 | Killed an acid blob
 33310 | Spider:3 | Received a gift from Okawaru
 34115 | Spider:3 | Reached skill level 20 in Axes
 34793 | Spider:4 | Entered Level 4 of the Spider Nest
 34835 | Spider:4 | Identified the +2 robe "Zexka" {Str+5 Stlth+} (Okawaru
                  | gifted it to you on level 4 of the Spider Nest)
 34835 | Spider:4 | Received a gift from Okawaru
 35702 | Spider:4 | Reached XP level 17. HP: 162/168 MP: 25/25
 36061 | Spider:4 | Received a gift from Okawaru
 36117 | Spider:4 | Identified the +0 scale mail of Okawaru's Wrath {rC+}
                  | (Okawaru gifted it to you on level 4 of the Spider Nest)
 36117 | Spider:4 | Received a gift from Okawaru
 36560 | Spider:4 | Got a gossamer rune of Zot
 36750 | Slime:1  | Entered Level 1 of the Pits of Slime
 36752 | Slime:1  | Found a viscous altar of Jiyva.
 36988 | Slime:2  | Noticed an acid blob
 36995 | Slime:2  | Killed an acid blob
 37498 | Slime:1  | Reached skill level 5 in Stealth
 37550 | Slime:1  | Gained mutation: You have large cloven feet. [a shining
                  | eye]
 37551 | Slime:1  | Gained mutation: You are weak. (Str -2) [a shining eye]
 37553 | Slime:2  | Gained mutation: Your spells are a little easier to cast,
                  | but a little less powerful. [a shining eye]
 37570 | Slime:2  | Lost mutation: Your spells are a little easier to cast, but
                  | a little less powerful. [potion of mutation]
 37570 | Slime:2  | Lost mutation: You have large cloven feet. [potion of
                  | mutation]
 37570 | Slime:2  | Gained mutation: Your movements are slightly less
                  | encumbered by armour. (ER -2) [potion of mutation]
 37570 | Slime:2  | Gained mutation: You have large cloven feet. [potion of
                  | mutation]
 37570 | Slime:2  | Gained mutation: You occasionally lose the ability to drink
                  | potions when taking damage. [potion of mutation]
 37571 | Slime:2  | Lost mutation: You have large cloven feet. [potion of
                  | mutation]
 37571 | Slime:2  | Lost mutation: You occasionally lose the ability to drink
                  | potions when taking damage. [potion of mutation]
 37571 | Slime:2  | Lost mutation: Your movements are slightly less encumbered
                  | by armour. (ER -2) [potion of mutation]
 37571 | Slime:2  | Gained mutation: You have a somewhat thin skeletal
                  | structure. (Dex +2, Stealth+) [potion of mutation]
 37571 | Slime:2  | Gained mutation: You are frail. (-10% HP) [potion of
                  | mutation]
 37571 | Slime:2  | Gained mutation: You possess an exceptional clarity of
                  | mind. [potion of mutation]
 38301 | Slime:3  | Noticed an acid blob
 38309 | Slime:3  | Killed an acid blob
 38322 | Slime:3  | Identified the +0 steam dragon scales of Vetuan {Str+4}
                  | (Okawaru gifted it to you on level 3 of the Pits of Slime)
 38322 | Slime:3  | Received a gift from Okawaru
 38436 | Slime:3  | Noticed an acid blob
 38441 | Slime:3  | Noticed an acid blob
 38442 | Slime:3  | Killed an acid blob
 38450 | Slime:3  | Killed an acid blob
 38451 | Slime:3  | Reached skill level 15 in Dodging
 38621 | Slime:3  | Reached skill level 21 in Axes
 38738 | Slime:4  | Noticed an acid blob
 38738 | Slime:4  | Noticed an acid blob
 38749 | Slime:3  | Killed an acid blob
 39018 | Slime:3  | Killed an acid blob
 39488 | Slime:4  | Gained mutation: Your body sometimes deteriorates upon
                  | taking damage. [a shining eye]
 39489 | Slime:4  | Gained mutation: Your spells are a little easier to cast,
                  | but a little less powerful. [a shining eye]
 39631 | Slime:5  | Entered Level 5 of the Pits of Slime
 39694 | Slime:5  | Noticed an acid blob
 39696 | Slime:5  | Noticed an acid blob
 39705 | Slime:5  | Killed an acid blob
 39705 | Slime:5  | Received a gift from Okawaru
 39706 | Slime:5  | Reached XP level 18. HP: 73/162 MP: 27/27
 40242 | Slime:5  | Found a viscous altar of Jiyva.
 40260 | Slime:5  | Noticed the Royal Jelly
 40636 | Swamp:1  | Entered Level 1 of the Swamp
 40659 | Swamp:1  | Found a transporter.
 40704 | Swamp:1  | Noticed Ychaviel's ghost (journeyman GnDe)
 40707 | Swamp:1  | Found a transporter.
 40917 | Swamp:1  | Identified the +3 chain mail of Wonder {Dex+4}
 41376 | Swamp:1  | Received a gift from Okawaru
 41633 | Swamp:2  | Noticed Aizul
 41634 | Swamp:2  | Identified the +2 ring mail "Jenu" {+Blink rC+ rCorr Int+3}
 41635 | Swamp:2  | Found a runed translucent door.
 41635 | Swamp:2  | Found a shimmering altar of Xom.
 41635 | Swamp:2  | Identified the +4 double sword of Stickiness {chaos, rF+++
                  | rC- Int+4}
 41635 | Swamp:2  | Noticed Jingleheimer's ghost (journeyman DsFi)
 41646 | Swamp:2  | Killed Aizul
 41667 | Swamp:2  | Killed Jingleheimer's ghost
 41681 | Swamp:2  | Lost mutation: Your spells are a little easier to cast, but
                  | a little less powerful. [potion of mutation]
 41681 | Swamp:2  | Lost mutation: You possess an exceptional clarity of mind.
                  | [potion of mutation]
 41681 | Swamp:2  | Gained mutation: You possess an exceptional clarity of
                  | mind. [potion of mutation]
 41681 | Swamp:2  | Gained mutation: Your movements are slightly less
                  | encumbered by armour. (ER -2) [potion of mutation]
 41682 | Swamp:2  | Lost mutation: You are weak. (Str -2) [potion of mutation]
 41682 | Swamp:2  | Lost mutation: Your movements are slightly less encumbered
                  | by armour. (ER -2) [potion of mutation]
 41682 | Swamp:2  | Gained mutation: Your spells are a little easier to cast,
                  | but a little less powerful. [potion of mutation]
 41682 | Swamp:2  | Gained mutation: You are clumsy. (Dex -2) [potion of
                  | mutation]
 41682 | Swamp:2  | Gained mutation: You are partially covered in large bone
                  | plates. (SH +4) [potion of mutation]
 42913 | Swamp:3  | Noticed Bai Suzhen
 42924 | Swamp:3  | Received a gift from Okawaru
 42957 | Swamp:3  | Killed Bai Suzhen
 43103 | Swamp:3  | Paralysed by a fenstrider witch for 3 turns
 43113 | Swamp:3  | Paralysed by a fenstrider witch for 3 turns
 43649 | Swamp:4  | Entered Level 4 of the Swamp
 44731 | Swamp:4  | Received a gift from Okawaru
 45353 | Swamp:4  | Noticed the 27-headed Lernaean hydra
 45370 | Swamp:4  | Killed the 21-headed Lernaean hydra
 45485 | Swamp:4  | Got a decaying rune of Zot
 45621 | Swamp:4  | Identified the +7 chain mail of Ikiulouh {Str+3}
 45646 | Swamp:4  | Identified the +3 robe "Wukuats" {Drain +Blink rC+ Str+4}
 45700 | Swamp:4  | Lost mutation: Your spells are a little easier to cast, but
                  | a little less powerful. [potion of mutation]
 45700 | Swamp:4  | Lost mutation: You have a somewhat thin skeletal structure.
                  | (Dex +2, Stealth+) [potion of mutation]
 45700 | Swamp:4  | Lost mutation: You are frail. (-10% HP) [potion of
                  | mutation]
 45700 | Swamp:4  | Gained mutation: You are covered in fur. (AC +1) [potion of
                  | mutation]
 45700 | Swamp:4  | Gained mutation: You are partially covered in iridescent
                  | scales. (AC +2) [potion of mutation]
 46339 | Vaults:1 | Entered Level 1 of the Vaults
 46386 | Vaults:1 | Received a gift from Okawaru
 46765 | Vaults:1 | Reached XP level 19. HP: 190/190 MP: 26/29
 46855 | Vaults:1 | Reached skill level 15 in Invocations
 46865 | Vaults:1 | Received a gift from Okawaru
 46870 | Vaults:1 | Reached skill level 22 in Axes
 47128 | Vaults:1 | Received a gift from Okawaru
 47638 | Vaults:1 | Received a gift from Okawaru
 48300 | Vaults:2 | Found a magical portal.
 48309 | WizLab   | Entered Doroklohe's Tomb
 48546 | WizLab   | Noticed a royal mummy
 48553 | WizLab   | HP: 14/286 [flayed ghost/flay_damage[a mummy priest] (3)]
 48554 | WizLab   | HP: 1/286 [something (13)]
 48554 | WizLab   | Demolished by a death scarab

Illustrated notes

Levels and vault maps discovered:
D:1:      psy_arrival_statuary, layout_basic
D:2:      layout_rooms, kennysheep_generic_room_3
D:3:      layout_loops_ring, lightli_temple_of_fire, grunt_gozag_statues,
          mainiacjoe_overflow_big_doors, grunt_qazlal_clouds,
          chequers_ecumenical_altar_island
D:4:      layout_gridville
D:5:      layout_cave_pools, mainiacjoe_overflow_24_doors,
          minmay_temple_entry_statues_pillars, serial_shops,
          nicolae_shop_advertising_works [nicolae_subvault_shop_adworks]
D:6:      layout_basic, tso_metal_star, serial_shops,
          nicolae_shop_temple_entry_statues_fountains, minivault_1, uniq_sigmund
D:7:      layout_loops_ring, nicolae_overflow_squiral,
          chequers_serial_rivers_large_a
D:8:      layout_gridville, marbit_many_paths,
          mainiacjoe_overflow_surrounded_room, vehumet_altar_wand_db,
          david_lair_shrubbed, minmay_diamond_spiral, uniq_amaemon
D:9:      lemuel_insect_pit, layout_loops_cross, nicolae_sif_muna_condensation
D:10:     layout_rooms, grunt_ashenzari_visionary
          [grunt_ashenzari_visionary_swamp, grunt_ashenzari_visionary_spider],
          nicolae_overflow_crystal_walls, enter_bailey_3,
          minmay_gold_behind_fungi
D:11:     layout_cave_pods, worms_lemuel, uniq_urug, uniq_grum
D:12:     layout_roguey, orc_0_dummy
D:13:     kennysheep_seaside_town, layout_loops_ring,
          portal_ice_cave_demonic_guard, kennysheep_generic_room_7
D:14:     layout_irregular_city, grunt_vaults_entry_fortified,
          nicolae_wu_jian_wuxing_cycle, uniq_roxanne, uniq_josephine, uniq_lodul
D:15:     grunt_enter_depths_hoard, layout_irregular_city,
          hangedman_abyss_or_decor_stagger
Lair:1:   cheibrodos_lair_river_kwai, layout_cave_pods, basic_altar,
          grunt_megastairs_5, uniq_joseph, uniq_gastronok
Lair:2:   layout_small_grid, minmay_swamp_entry_worms, spider_nest_entry_webs,
          nzn_sisyphean_effort, infiniplex_staircase_pool, grunt_megastairs_1,
          uniq_sonja
Lair:3:   layout_misc_corridors, serial_forest, infiniplex_forest_clump_curved,
          infiniplex_forest_clump_medium, infiniplex_forest_lined_2,
          infiniplex_forest_straight_3, infiniplex_forest_end_1,
          infiniplex_forest_lined_2, infiniplex_forest_zigzag_2,
          serial_bayou_crossing, serial_bayou_shore_a
Lair:4:   layout_cave_pods, gammafunk_ghost_arena, lemuel_fruit_fields
Lair:5:   hellmonk_lair_end_abyssal_woods, layout_cave_pods,
          nicolae_slime_entry_slimehenge, dreamdust_mushroom_princess
Swamp:1:  layout_basic_swamp, gammafunk_ghost_arena, hangedman_swamp_diagram,
          swamp_pool2, nzn_swamp_blast_mining
Swamp:2:  layout_falls_marsh, ebering_ghost_xom, evilmike_swamp_ruin_rubble_1,
          uniq_aizul
Swamp:3:  layout_basic_swamp, evilmike_swamp_ruin_house_1, uniq_bai_suzhen
Swamp:4:  swamp_alternative, layout_basic_swamp, swamp_pool5
Spider:1: layout_spider_delve, drop_trap, nicolae_spider_webs_and_nodes
Spider:2: layout_spider_delve, nicolae_spider_acid_house
Spider:3: layout_chambers
Spider:4: grunt_spider_rune_island
Slime:1:  layout_caves, basic_altar
Slime:2:  layout_caves
Slime:3:  layout_caves
Slime:4:  layout_caves
Slime:5
Orc:1:    layout_caves, serial_shops, shop
Orc:2:    st_orc_pillars, layout_diamond_mine
Vaults:1: nicolae_vaults_mini_display_case, v_misc_26, v_misc_28,
          vaults_dpeg_spiral, hangedman_vaults_trim, layout_vaults_quadrants
Vaults:2: mu_enter_wizlab_3, ontoclasm_vaults_gateway,
          ontoclasm_vaults_shuriken, hangedman_vaults_restitches,
          grunt_vaults_twisty, v_misc_5, v_misc_19, nicolae_vaults_murderbox,
          v_misc_12, vaults_room_stairs_pillars, dpeg_vaults_monster_box,
          ontoclasm_vaults_hangar, vaults_room_corners,
          vaults_dpeg_emergency_exit, layout_vaults_omnicross
WizLab:   wizlab_doroklohe

Skill      XL: |  1  2  3  4  5  6  7  8  9 10 11 12 13 14 15 16 17 18 19 |
---------------+----------------------------------------------------------+-----
Fighting       | 4 5 6 8 9 11 12 14 15 17 18 19 20 21 | 21.7
Axes           | 3 4 5 7 10 11 12 14 16 17 19 20 21 22 | 22.2
Armour         | 4 5 6 7 9 10 11 12 13 | 13.7
Shields        | 4 5 6 |  6.7
Invocations    | 1 2 3 4 5 7 8 9 10 11 12 13 14 15 | 15.2
Dodging        | 1 2 3 4 5 6 7 10 13 15 17 | 17.2
Long Blades    | 1 |  1.0
Stealth        | 1 2 3 4 5 6 |  6.2
Evocations     | 1 3 4 |  4.3
Throwing       | 3 |  3.0
Ranged Weapons | 2 3 |  3.1

Action                   |  1- 3 |  4- 6 |  7- 9 | 10-12 | 13-15 | 16-18 | 19-21 || total
-------------------------+-------+-------+-------+-------+-------+-------+-------++-------
Melee: War axe           |    89 |    82 |     6 |   104 |    47 |   104 |       ||   432
       Headbutt          |    10 |    12 |    39 |   112 |   242 |   255 |    37 ||   707
       Falchion          |       |       |    42 |       |       |       |       ||    42
       Battleaxe         |       |       |   155 |   424 |  1005 |   783 |   109 ||  2476
       Punch             |       |       |       |       |       |     1 |       ||     1
 Fire: Longbow           |       |       |       |       |    17 |    27 |     2 ||    46
Throw: Boomerang         |       |       |       |     3 |   131 |       |       ||   134
       Javelin           |       |       |       |     1 |       |     1 |       ||     2
Invok: Heroism           |       |       |       |     3 |     8 |     6 |     1 ||    18
       Finesse           |       |       |       |       |       |     3 |     1 ||     4
Evoke: Wand              |       |       |       |     6 |     3 |    24 |     5 ||    38
       Tin of tremorston |       |       |       |     1 |       |     2 |       ||     3
       Condenser vane    |       |       |       |     1 |       |       |       ||     1
  Use: Potion            |       |     1 |     1 |     3 |     6 |    15 |     1 ||    27
       Scroll            |       |       |    15 |    14 |     9 |    19 |     1 ||    58
 Stab: Sleeping          |       |       |       |     2 |     3 |    12 |       ||    17
       Distracted        |       |       |       |       |       |    20 |     2 ||    22
Armor: Scale mail        |    51 |    37 |   179 |   473 |   630 |   574 |    45 ||  1989
Dodge: Dodged            |    44 |    31 |   162 |   437 |   591 |   555 |    58 ||  1878
Block: Buckler           |    17 |    15 |    16 |       |       |       |       ||    48
       Other             |       |       |    47 |    28 |       |    37 |    15 ||   127
       Reflection        |       |       |     4 |     1 |       |       |       ||     5
